 Dungeon Crawl Stone Soup version 0.18.1-1-g2f07953 (webtiles) character file.

20 daffanka the Gusty (level 2, -5/20 HPs)
             Began as a Draconian Air Elementalist on May 7, 2016.
             Slain by a kobold
             ... wielding a +1 whip of electrocution
              (16 damage)
             ... on level 1 of the Dungeon.
             The game lasted 00:08:49 (465 turns).

daffanka the Gusty (Draconian Air Elementalist)      Turns: 465, Time: 00:08:50

Health: -5/20      AC:  4    Str: 10    XL:     2   Next: 58%
Magic:  1/5        EV: 12    Int: 15    God:
Gold:   32         SH:  0    Dex: 11    Spells: 2 memorised, 2 levels left

rFire  . . .     SeeInvis .     f - +1 short sword (drain)
rCold  . . .     Gourm    .     (armour unavailable)
rNeg   . . .     Faith    .     (no shield)
rPois  .         Spirit   .     (helmet restricted)
rElec  .         Dismiss  .     (no cloak)
rCorr  .         Reflect  .     (no gloves)
SustAt .         Harm     .     (no boots)
MR     .....                    (no amulet)
Stlth  ++........               (no ring)
                                (no ring)

@: not resistant to hostile enchantments, unstealthy
A: unfitting armour, cold-blooded, AC +4
a: no special abilities


You were on level 1 of the Dungeon.
You were not hungry.

You visited 1 branch of the dungeon, and saw 1 of its levels.

You collected 32 gold pieces.

Inventory:

Hand Weapons
 f - a +1 short sword of draining (weapon)
Armour
 i - a +0 leather armour
Scrolls
 e - a scroll of remove curse {unknown}
Potions
 d - a potion of haste {unknown}
 h - a potion of heal wounds {unknown}
Books
 a - a book of Air

   Spells                             Type                      Level
   a - Shock                          Conjuration/Air              1
   b - Swiftness                      Charms/Air                   2
   c - Repel Missiles                 Charms/Air                   2
   d - Static Discharge               Conjuration/Air              3
   e - Lightning Bolt                 Conjuration/Air              5
Comestibles
 b - a bread ration
 c - a meat ration
 g - 6 chunks of flesh


   Skills:
 + Level 2.0 Dodging
 + Level 1.8 Stealth
 + Level 2.2 Spellcasting
 + Level 1.2 Conjurations
 + Level 3.4 Air Magic


You had 2 spell levels left.
You knew the following spells:

 Your Spells              Type           Power        Failure   Level  Hunger
a - Shock                 Conj/Air       #...         12%         1    #......
b - Swiftness             Chrm/Air       #.......     17%         2    ###....


Dungeon Overview and Level Annotations

Branches:
Dungeon (1/15)

Altars:


Innate Abilities, Weirdness & Mutations

Your plain brown scales are hard (AC +4).
Your body does not fit into most forms of armour.
You are cold-blooded and may be slowed by cold attacks.


Message History

A kobold comes into view. It is wielding a whip of electrocution.
Casting: Shock
Confirm with . or Enter, or press ? or * to list all spells.
Aiming: Shock
Press: ? - help, Shift-Dir - straight line, f - kobold
Aim: a kobold, wielding a whip of electrocution and wearing a leather armour (hasn't noticed you)
The zap misses the kobold.
Casting: Shock
Confirm with . or Enter, or press ? or * to list all spells.
Aiming: Shock
Press: ? - help, Shift-Dir - straight line, f/p - kobold
Aim: a kobold, wielding a whip of electrocution and wearing a leather armour The zap hits the kobold.
The kobold is moderately wounded.
A jackal comes into view.
The kobold drinks a potion.
The kobold seems to grow stronger.
The kobold hits you with a whip of electrocution.
You are electrocuted!
Ouch! That really hurt!
You die...

.# .... ≈≈≈≈≈≈..h.≈≈ .#
#... ♣≈≈≈≈P...≈≈♣ .##
#.#.##### #≈≈≈≈≈≈...P ..
#.#.....# #≈P≈≈≈≈)..♣ .
#.#..##.###♣≈P≈PP...#
#####.#..##....♣P≈P≈P...##
....#.##.##.....♣≈≈≈♣....#
..........'.....♣≈≈≈≈>#
.##.####..#...(.@K≈≈###
.##.####..#......#≈##
.##.......#......###
#########.#÷.....#
..........(...##.#
##########.##.##.#
≈≈≈≈≈≈≈# #.##.##.#
≈≈≈≈.≈≈###..#.##.#
≈≈......###.#....#


You could see a kobold.

Vanquished Creatures
  A giant gecko (D:1)
  A ball python (D:1)
  3 goblins (D:1)
  A hobgoblin (D:1)
  3 jackals (D:1)
  3 bats (D:1)
  2 giant newts (D:1)
  A kobold (D:1)
  2 rats (D:1)
17 creatures vanquished.

Notes
Turn   | Place    | Note
--------------------------------------------------------------
     0 | D:1      | daffanka the Draconian Air Elementalist began the quest for the Orb.
     0 | D:1      | Reached XP level 1. HP: 14/14 MP: 3/3
    29 | D:1      | §
   213 | D:1      | Reached XP level 2. HP: 19/20 MP: 0/5
   219 | D:1      | Learned a level 2 spell: Swiftness
   465 | D:1      | Slain by a kobold

Skill      XL: |  1  2 |
---------------+-------+-----
Dodging        | 2 |  2.0
Stealth        | |  1.8
Spellcasting   | |  2.2
Conjurations   | |  1.2
Air Magic      | |  3.4

Action                   || total
-------------------------++-------
Melee: Unarmed           ||    15
       Tailslap          ||     2
       Short sword       ||     5
 Cast: Shock             ||    28
Armor: Skin              ||    11
Dodge: Dodged            ||    16
